TOP OF THE 1ST |
Lowell Spinners batting - Pitching for Vancouver Canadians : RHP Manny Solis
|
Pitching: RHP Manny Solis
|
|
Batting: RHB Aukukero Tairi
|
0-0: Ball 1-0: Ball 2-0: Ground out 6-3 (Groundball, 6S, EV 90.6 MPH)
|
Batting: RHB Xavier Joslin
|
0-0: Ball 1-0: Ball 2-0: Called Strike 2-1: SOLO HOME RUN (Flyball, 7LD, EV 100.0 MPH), Distance : 368 ft
|
Batting: SHB Salvador Padilla
|
0-0: Foul Ball, location: 2F 0-1: SINGLE (Flyball, 7LS, EV 88.1 MPH) - OUT at second base trying to stretch hit.
|
Batting: RHB Tony Gallegos
|
0-0: Called Strike 0-1: Ball 1-1: Foul Ball, location: 2F 1-2: Strikes out swinging
|
Top of the 1st over - 1 run, 2 hits, 0 errors, 0 left on base; Lowell 1 - Vancouver 0 |
BOTTOM OF THE 1ST |
Vancouver Canadians batting - Pitching for Lowell Spinners : RHP Danny Marquez
|
Pitching: RHP Danny Marquez
|
|
Batting: RHB Kennet Strijbis
|
0-0: Swinging Strike 0-1: Ball 1-1: Swinging Strike 1-2: Strikes out swinging
|
Batting: RHB Brian Manson
|
0-0: Called Strike 0-1: Foul Ball, location: 2F 0-2: SINGLE (Groundball, 34D, EV 97.5 MPH)
|
Batting: RHB Nikita Schram
|
0-0: Called Strike Balk! Brian Manson to second 0-1: Called Strike 0-2: Ball 1-2: Strikes out swinging
|
Batting: LHB Devin Huber
|
0-0: Called Strike 0-1: Ball 1-1: Ball 2-1: Ball 3-1: Base on Balls
|
Batting: RHB Norm Mercer
|
0-0: Ball 1-0: Ball 2-0: Fly out, F9 (Flyball, 9D, EV 106.9 MPH)
|
Bottom of the 1st over - 0 runs, 1 hit, 0 errors, 2 left on base; Lowell 1 - Vancouver 0 |
TOP OF THE 2ND |
Lowell Spinners batting - Pitching for Vancouver Canadians : RHP Manny Solis
|
Batting: RHB Raul Sanchez
|
0-0: Called Strike 0-1: Called Strike 0-2: Ball 1-2: Ball 2-2: Ball 3-2: Foul Ball, location: 2F 3-2: Foul Ball, location: 2F 3-2: Ground out 6-3 (Groundball, 56, EV 85.6 MPH)
|
Batting: RHB Mario Arriero
|
0-0: Called Strike 0-1: Swinging Strike 0-2: Strikes out looking
|
Batting: RHB Willie Camacho
|
0-0: Ball 1-0: Foul Ball, location: 2F 1-1: Ball 2-1: Fly out, F9 (Flyball, 9S, EV 83.8 MPH)
|
Top of the 2nd over - 0 runs, 0 hits, 0 errors, 0 left on base; Lowell 1 - Vancouver 0 |
BOTTOM OF THE 2ND |
Vancouver Canadians batting - Pitching for Lowell Spinners : RHP Danny Marquez
|
Batting: RHB Javier Garcia
|
0-0: Ball 1-0: Ball 2-0: Ball 3-0: Base on Balls
|
Batting: RHB Elliot Manfredini
|
0-0: Called Strike 0-1: Called Strike 0-2: Strikes out swinging
|
Batting: RHB Dan Hilyer
|
0-0: Swinging Strike 0-1: Ball 1-1: Fly out, F8 (Line Drive, 8LD, EV 96.2 MPH)
|
Batting: RHB Luis Vargas
|
0-0: Foul Ball, location: 2F 0-1: Ball 1-1: Ball 2-1: Ball 3-1: Called Strike 3-2: Foul Ball, location: 2F 3-2: Strikes out swinging
|
Bottom of the 2nd over - 0 runs, 0 hits, 0 errors, 1 left on base; Lowell 1 - Vancouver 0 |
TOP OF THE 3RD |
Lowell Spinners batting - Pitching for Vancouver Canadians : RHP Manny Solis
|
Batting: RHB Matt Parker
|
0-0: Called Strike 0-1: Ball 1-1: Called Strike 1-2: Ball 2-2: Ball 3-2: Ground out 4-3 (Groundball, 4, EV 83.1 MPH)
|
Batting: RHB Rogelio Cervantes
|
0-0: Swinging Strike 0-1: Ball 1-1: Ball 2-1: Swinging Strike 2-2: Ground out U3 (Groundball, 3, EV 98.8 MPH)
|
Batting: RHB Aukukero Tairi
|
0-0: Ball 1-0: Called Strike 1-1: Foul Ball, location: 2F 1-2: Ball 2-2: Fly out, F7 (Flyball, 7, EV 95.0 MPH)
|
Top of the 3rd over - 0 runs, 0 hits, 0 errors, 0 left on base; Lowell 1 - Vancouver 0 |
BOTTOM OF THE 3RD |
Vancouver Canadians batting - Pitching for Lowell Spinners : RHP Danny Marquez
|
Batting: RHB Kennet Strijbis
|
0-0: Ball 1-0: SINGLE (Groundball, 56S, EV 63.1 MPH) (infield hit)
|
Batting: RHB Brian Manson
|
0-0: Called Strike Kennet Strijbis is caught stealing 2nd base 2-4 0-1: Foul Ball, location: 2F 0-2: Ball 1-2: Ball 2-2: Ground out 3-1 (Groundball, 34, EV 81.9 MPH)
|
Batting: RHB Nikita Schram
|
0-0: Ball 1-0: Ball 2-0: SOLO HOME RUN (Flyball, 7LD, EV 92.5 MPH), Distance : 357 ft
|
Batting: LHB Devin Huber
|
0-0: Foul Ball, location: 2F 0-1: Ball 1-1: Ball 2-1: Fly out, F8 (Flyball, 8RM, EV 85.6 MPH)
|
Bottom of the 3rd over - 1 run, 2 hits, 0 errors, 0 left on base; Lowell 1 - Vancouver 1 |
TOP OF THE 4TH |
Lowell Spinners batting - Pitching for Vancouver Canadians : RHP Manny Solis
|
Batting: RHB Xavier Joslin
|
0-0: Ball 1-0: Called Strike 1-1: Foul Ball, location: 2F 1-2: Ground out 3-1 (Groundball, 34, EV 86.9 MPH)
|
Batting: SHB Salvador Padilla
|
0-0: Called Strike 0-1: Ball 1-1: Fly out, F7 (Flyball, 7D, EV 88.1 MPH)
|
Batting: RHB Tony Gallegos
|
0-0: Swinging Strike 0-1: Ball 1-1: Ball 2-1: Ground out U3 (Groundball, 13, EV 80.6 MPH)
|
Top of the 4th over - 0 runs, 0 hits, 0 errors, 0 left on base; Lowell 1 - Vancouver 1 |
BOTTOM OF THE 4TH |
Vancouver Canadians batting - Pitching for Lowell Spinners : RHP Danny Marquez
|
Batting: RHB Norm Mercer
|
0-0: Ball 1-0: Swinging Strike 1-1: Foul Ball, location: 2F 1-2: Ball 2-2: Ball 3-2: Base on Balls
|
Batting: RHB Javier Garcia
|
0-0: Called Strike 0-1: Called Strike Balk! Norm Mercer to second 0-2: Foul Ball, location: 2F 0-2: Ball Wild Pitch! Norm Mercer to third 1-2: Ball 2-2: Foul Ball, location: 2F 2-2: Ball 3-2: Foul Ball, location: 2F 3-2: Base on Balls
|
Batting: RHB Elliot Manfredini
|
0-0: Called Strike 0-1: Foul Ball, location: 2F 0-2: Foul Ball, location: 2F 0-2: Foul Ball, location: 2F 0-2: Ball 1-2: Foul Ball, location: 2F 1-2: Hit by Pitch Javier Garcia to second
|
Batting: RHB Dan Hilyer
|
0-0: Ball 1-0: Grounds into fielders choice 1-2 (Groundball, 13S, EV 63.8 MPH) Javier Garcia to third Elliot Manfredini to second
|
Batting: RHB Luis Vargas
|
0-0: Called Strike 0-1: Ball 1-1: Foul Ball, location: 2F 1-2: Strikes out swinging
|
Batting: RHB Kennet Strijbis
|
0-0: Called Strike 0-1: Ball 1-1: Ball 2-1: TRIPLE (Line Drive, 78XD, EV 106.2 MPH) Javier Garcia scores Elliot Manfredini scores Dan Hilyer scores
|
Batting: RHB Brian Manson
|
0-0: Ball 1-0: Ball 2-0: Ball 3-0: Base on Balls
|
Pitching: LHP Chris Deans
|
|
Batting: RHB Nikita Schram
|
0-0: Called Strike 0-1: Ball 1-1: Foul Ball, location: 2F 1-2: Ball 2-2: Foul Ball, location: 2F 2-2: Ball 3-2: Base on Balls Brian Manson to second
|
Batting: LHB Devin Huber
|
0-0: Ball 1-0: Ball 2-0: Called Strike 2-1: Ball 3-1: Foul Ball, location: 2F 3-2: Base on Balls Kennet Strijbis scores Brian Manson to third Nikita Schram to second
|
Batting: RHB Norm Mercer
|
0-0: Called Strike 0-1: Ball 1-1: Ball 2-1: Called Strike 2-2: Ball 3-2: Base on Balls Brian Manson scores Nikita Schram to third Devin Huber to second
|
Batting: RHB Javier Garcia
|
0-0: Ball 1-0: Ball 2-0: Ball 3-0: Base on Balls Nikita Schram scores Devin Huber to third Norm Mercer to second
|
Batting: RHB Elliot Manfredini
|
0-0: Ball 1-0: Called Strike 1-1: Ball 2-1: Foul Ball, location: 2F 2-2: Ball 3-2: Fly out, F4 (Line Drive, 4M, EV 62.5 MPH)
|
Bottom of the 4th over - 6 runs, 1 hit, 0 errors, 3 left on base; Lowell 1 - Vancouver 7 |
TOP OF THE 5TH |
Lowell Spinners batting - Pitching for Vancouver Canadians : RHP Manny Solis
|
Batting: RHB Raul Sanchez
|
0-0: Called Strike 0-1: Foul Ball, location: 2F 0-2: Ball 1-2: Foul Ball, location: 2F 1-2: Ball 2-2: Strikes out looking
|
Batting: RHB Mario Arriero
|
0-0: Ball 1-0: Called Strike 1-1: Ball 2-1: Ball 3-1: Called Strike 3-2: Strikes out swinging
|
Batting: RHB Willie Camacho
|
0-0: Called Strike 0-1: Foul Ball, location: 2F 0-2: Ball 1-2: Foul Ball, location: 2F 1-2: Foul Ball, location: 2F 1-2: Ball 2-2: Strikes out swinging
|
Top of the 5th over - 0 runs, 0 hits, 0 errors, 0 left on base; Lowell 1 - Vancouver 7 |
BOTTOM OF THE 5TH |
Vancouver Canadians batting - Pitching for Lowell Spinners : LHP Chris Deans
|
Batting: RHB Dan Hilyer
|
0-0: Called Strike 0-1: Ball 1-1: Ground out U3 (Groundball, 34S, EV 85.0 MPH)
|
Batting: RHB Luis Vargas
|
0-0: Foul Ball, location: 2F 0-1: Ball 1-1: Fly out, F9 (Line Drive, 9LS, EV 91.2 MPH)
|
Batting: RHB Kennet Strijbis
|
0-0: Called Strike 0-1: Swinging Strike 0-2: Fly out, F8 (Flyball, 89M, EV 96.9 MPH)
|
Bottom of the 5th over - 0 runs, 0 hits, 0 errors, 0 left on base; Lowell 1 - Vancouver 7 |
TOP OF THE 6TH |
Lowell Spinners batting - Pitching for Vancouver Canadians : RHP Manny Solis
|
Batting: RHB Matt Parker
|
0-0: Hit by Pitch
|
Batting: RHB Rogelio Cervantes
|
0-0: Ball 1-0: Called Strike 1-1: Called Strike Matt Parker steals 2nd base 1-2: Ball 2-2: Foul Ball, location: 2F 2-2: Strikes out swinging, 2-3 out at first.
|
Batting: RHB Aukukero Tairi
|
0-0: Called Strike 0-1: Foul Ball, location: 2F 0-2: Ball 1-2: Foul Ball, location: 2F 1-2: Ball 2-2: Ball 3-2: Fly out, F9 (Flyball, 9LM, EV 77.5 MPH)
|
Batting: RHB Xavier Joslin
|
0-0: Foul Ball, location: 2F 0-1: Ball 1-1: Ball 2-1: Ground out 4-3 (Groundball, 4, EV 107.5 MPH)
|
Top of the 6th over - 0 runs, 0 hits, 0 errors, 1 left on base; Lowell 1 - Vancouver 7 |
BOTTOM OF THE 6TH |
Vancouver Canadians batting - Pitching for Lowell Spinners : LHP Chris Deans
|
Batting: RHB Brian Manson
|
0-0: Called Strike 0-1: Foul Ball, location: 2F 0-2: Strikes out swinging
|
Batting: RHB Nikita Schram
|
0-0: Foul Ball, location: 2F 0-1: Foul Ball, location: 2F 0-2: DOUBLE (Popup, 5D, EV 51.2 MPH)
|
Pitching: RHP Mike Goodwin
|
|
Batting: LHB Devin Huber
|
0-0: Ball 1-0: Swinging Strike 1-1: Swinging Strike 1-2: Ground out 4-3 (Groundball, 4S, EV 94.4 MPH) Nikita Schram to third
|
Batting: RHB Norm Mercer
|
0-0: Ball 1-0: Called Strike 1-1: Ball 2-1: Ball 3-1: Foul Ball, location: 2F 3-2: DOUBLE (Line Drive, 7LS, EV 89.4 MPH) Nikita Schram scores
|
Batting: RHB Javier Garcia
|
0-0: Ball 1-0: Ball 2-0: Swinging Strike 2-1: Called Strike 2-2: SINGLE (Groundball, 4MD, EV 95.0 MPH) Norm Mercer to third Runner from 3rd tries for Home, SAFE, throw by CF to home
|
Batting: RHB Elliot Manfredini
|
0-0: Ball 1-0: Ball 2-0: Called Strike 2-1: Ball 3-1: Called Strike 3-2: Base on Balls Javier Garcia to second
|
Batting: RHB Dan Hilyer
|
0-0: Ball 1-0: Called Strike 1-1: Fly out, F7 (Flyball, 78M, EV 86.9 MPH)
|
Bottom of the 6th over - 2 runs, 3 hits, 0 errors, 2 left on base; Lowell 1 - Vancouver 9 |
TOP OF THE 7TH |
Lowell Spinners batting - Pitching for Vancouver Canadians : RHP Manny Solis
|
Pinch Hitting: RHB Randy Schmitt
|
0-0: Ball 1-0: Ball 2-0: Ball 3-0: Called Strike 3-1: Foul Ball, location: 2F 3-2: Fly out, F3 (Popup, 3S, EV 82.5 MPH)
|
Batting: RHB Tony Gallegos
|
0-0: Ball 1-0: Foul Ball, location: 2F 1-1: Called Strike 1-2: Strikes out swinging
|
DELAY
|
Rain delay of 47 minutes in the 7th inning.
|
Pitching: LHP Akinori Morikawa
|
|
Batting: RHB Raul Sanchez
|
0-0: Ground out 1-3 (Groundball, 25, EV 66.9 MPH)
|
Top of the 7th over - 0 runs, 0 hits, 0 errors, 0 left on base; Lowell 1 - Vancouver 9 |
BOTTOM OF THE 7TH |
Vancouver Canadians batting - Pitching for Lowell Spinners : RHP Mike Goodwin
|
Pitching: RHP Josiah Russell
|
|
Now at 2B: Randy Schmitt
|
|
Now at 3B: Matt Parker
|
|
Batting: RHB Luis Vargas
|
0-0: Foul Ball, location: 2F 0-1: Foul Ball, location: 2F 0-2: Strikes out swinging
|
Pinch Hitting: RHB David Cooper
|
0-0: Called Strike 0-1: Ball 1-1: Ball 2-1: Foul Ball, location: 2F 2-2: Foul Ball, location: 2F 2-2: Ground out U3 (Groundball, 3, EV 87.5 MPH)
|
Batting: RHB Brian Manson
|
0-0: Ball 1-0: Ball 2-0: Ball 3-0: Called Strike 3-1: Base on Balls
|
Pinch Hitting: RHB Bruce Ayotte
|
0-0: Foul Ball, location: 2F 0-1: Foul Ball, location: 2F 0-2: Strikes out looking
|
Bottom of the 7th over - 0 runs, 0 hits, 0 errors, 1 left on base; Lowell 1 - Vancouver 9 |
TOP OF THE 8TH |
Lowell Spinners batting - Pitching for Vancouver Canadians : LHP Akinori Morikawa
|
Now at 1B: Victor Ayala
|
|
Now at 2B: George King
|
|
Batting: RHB Mario Arriero
|
0-0: Ball 1-0: Called Strike 1-1: Ball 2-1: Swinging Strike 2-2: Strikes out swinging
|
Batting: RHB Willie Camacho
|
0-0: Ball 1-0: Foul Ball, location: 2F 1-1: Swinging Strike 1-2: Foul Ball, location: 2F 1-2: Ball 2-2: Strikes out looking
|
Batting: RHB Matt Parker
|
0-0: Ball 1-0: Ball 2-0: Ground out 2-3 (Groundball, 2R, EV 70.6 MPH)
|
Top of the 8th over - 0 runs, 0 hits, 0 errors, 0 left on base; Lowell 1 - Vancouver 9 |
BOTTOM OF THE 8TH |
Vancouver Canadians batting - Pitching for Lowell Spinners : RHP Josiah Russell
|
Batting: LHB Devin Huber
|
0-0: Foul Ball, location: 2F 0-1: Ball 1-1: Ball 2-1: SINGLE (Line Drive, 8LS, EV 101.2 MPH)
|
Batting: RHB Norm Mercer
|
0-0: Ball 1-0: Called Strike 1-1: Called Strike 1-2: Strikes out swinging
|
Batting: RHB Javier Garcia
|
0-0: Foul Ball, location: 2F 0-1: Fly out, F8 (Flyball, 78D, EV 101.9 MPH)
|
Batting: RHB Elliot Manfredini
|
0-0: Ball 1-0: Called Strike 1-1: Ball 2-1: Foul Ball, location: 2F 2-2: Foul Ball, location: 2F 2-2: Strikes out swinging
|
Bottom of the 8th over - 0 runs, 1 hit, 0 errors, 1 left on base; Lowell 1 - Vancouver 9 |
TOP OF THE 9TH |
Lowell Spinners batting - Pitching for Vancouver Canadians : LHP Akinori Morikawa
|
Batting: RHB Rogelio Cervantes
|
0-0: Called Strike 0-1: Called Strike 0-2: Ball 1-2: Ground out 3-1 (Groundball, 34S, EV 91.9 MPH)
|
Batting: RHB Aukukero Tairi
|
0-0: Ground out 6-3 (Groundball, 6, EV 91.9 MPH)
|
Batting: RHB Xavier Joslin
|
0-0: Ball 1-0: Ball 2-0: Ball 3-0: Called Strike 3-1: Base on Balls
|
Batting: RHB Randy Schmitt
|
0-0: Foul Ball, location: 2F 0-1: Ground out 4-3 (Groundball, 4S, EV 70.6 MPH)
|
Top of the 9th over - 0 runs, 0 hits, 0 errors, 1 left on base; Lowell 1 - Vancouver 9 |
|